[Event "FICS rated blitz game"]
[Site "FICS freechess.org"]
[FICSGamesDBGameNo "20001246"]
[White "bazak"]
[Black "mandevil"]
[WhiteElo "1477"]
[BlackElo "1814"]
[WhiteRD "na"]
[BlackRD "na"]
[TimeControl "180+0"]
[Date "1999.08.08"]
[Time "07:50:00"]
[WhiteClock "0:03:00.000"]
[BlackClock "0:03:00.000"]
[ECO "C01"]
[PlyCount "104"]
[Result "0-1"]

1. e4 e6 2. d4 d5 3. exd5 exd5 4. Nf3 Nc6 5. Be2 Nf6 6. O-O Be7 7. Bf4 O-O 8. Nbd2 Bf5 9. c3 Ne4 10. h3 Qd7 11. Ne5 Nxe5 12. Bxe5 f6 13. Bg3 Bd6 14. Nxe4 Bxe4 15. Bxd6 Qxd6 16. Bf3 f5 17. Re1 Rae8 18. Bxe4 fxe4 19. Re3 Rf6 20. Rg3 Ref8 21. Kh2 Rxf2 22. Qg4 Qe7 23. Re1 g6 24. c4 c6 25. Ree3 Qd6 26. h4 R2f4 27. Qg5 R8f5 28. c5 Qb8 29. Qe7 Rxh4+ 30. Kg1 Rhf4 31. Qe6+ Kg7 32. Qe7+ Rf7 33. Qe5+ Qxe5 34. dxe5 Re7 35. Rg5 Rf5 36. Rxf5 gxf5 37. Rg3+ Kf7 38. Rg5 Rxe5 39. g4 Kf6 40. Rg8 f4 41. Rf8+ Kg5 42. Rg8+ Kf6 43. Rf8+ Kg7 44. Rb8 e3 45. Kf1 f3 46. Rxb7+ Kg6 47. Rxa7 d4 48. Ra8 Rxc5 49. Rg8+ Kf7 50. Kg1 f2+ 51. Kg2 Kxg8 52. Kf1 Rc1+ {White forfeits on time} 0-1

[Event "FICS rated blitz game"]
[Site "FICS freechess.org"]
[FICSGamesDBGameNo "20001245"]
[White "FerranGM"]
[Black "TheBestGirl"]
[WhiteElo "1513"]
[BlackElo "1550"]
[WhiteRD "na"]
[BlackRD "na"]
[TimeControl "180+0"]
[Date "1999.08.08"]
[Time "04:42:00"]
[WhiteClock "0:03:00.000"]
[BlackClock "0:03:00.000"]
[ECO "D41"]
[PlyCount "48"]
[Result "1-0"]

1. d4 d5 2. Nf3 Nf6 3. c4 e6 4. Nc3 c5 5. cxd5 cxd4 6. dxe6 dxc3 7. exf7+ Ke7 8. Qb3 cxb2 9. Bxb2 Qa5+ 10. Bc3 Qb6 11. Bb4+ Kd8 12. Rd1+ Nbd7 13. a3 Bxb4+ 14. axb4 a5 15. b5 a4 16. Qd3 a3 17. g3 a2 18. Ra1 Qxb5 19. Qxb5 Rf8 20. Bh3 Rxf7 21. O-O b6 22. Rfd1 Ra5 23. Qxb6+ Ke8 24. Qxa5 Ne4 {Black resigns} 1-0

[Event "FICS rated blitz game"]
[Site "FICS freechess.org"]
[FICSGamesDBGameNo "20001243"]
[White "Jeeper"]
[Black "MagicAct"]
[WhiteElo "1344"]
[BlackElo "1518"]
[WhiteRD "na"]
[BlackRD "na"]
[TimeControl "300+0"]
[Date "1999.08.08"]
[Time "02:32:00"]
[WhiteClock "0:05:00.000"]
[BlackClock "0:05:00.000"]
[ECO "C42"]
[PlyCount "128"]
[Result "0-1"]

1. e4 e5 2. Nf3 Nf6 3. d3 d6 4. Bg5 Nc6 5. Be2 Be7 6. O-O O-O 7. c3 Be6 8. Nbd2 Ng4 9. Bxe7 Qxe7 10. h3 Nh6 11. d4 Bd7 12. d5 Nd8 13. b4 f5 14. Nc4 f4 15. a4 g5 16. Nfd2 Kh8 17. g4 fxg3 18. fxg3 Bxh3 19. Rxf8+ Qxf8 20. Kh2 Ng4+ 21. Kxh3 Nf2+ 22. Kg2 Nxd1 23. Rxd1 Qg7 24. Ne3 Nf7 25. Nf5 Qf6 26. Nf1 Rf8 27. Nh2 Nh6 28. Rf1 Nxf5 29. Rxf5 Qg7 30. Bg4 Rxf5 31. Bxf5 h5 32. c4 b6 33. b5 Qf8 34. Nf3 g4 35. Nh4 Qh6 36. Ng6+ Kg7 37. Ne7 Qd2+ 38. Kf1 Qd1+ 39. Kf2 Qc2+ 40. Ke3 Qxc4 41. Nc8 Qxa4 42. Bd7 Qd4+ 43. Ke2 Qxe4+ 44. Kd2 Qxd5+ 45. Ke1 Qe4+ 46. Kf2 Qf3+ 47. Ke1 Qxg3+ 48. Kf1 Qf3+ 49. Kg1 g3 50. Nxa7 h4 51. Bc6 Qxc6 52. Nxc6 Kf6 53. Nb4 Ke6 54. Nd3 d5 55. Kg2 Kf5 56. Kh3 e4 57. Ne1 Kf4 58. Ng2+ Kf3 59. Ne1+ Kf2 60. Ng2 e3 61. Nf4 e2 62. Nxe2 Kxe2 63. Kxh4 Kf2 64. Kg4 g2 {White resigns} 0-1

[Event "FICS rated blitz game"]
[Site "FICS freechess.org"]
[FICSGamesDBGameNo "20001241"]
[White "nope"]
[Black "tih"]
[WhiteElo "1643"]
[BlackElo "1598"]
[WhiteRD "na"]
[BlackRD "na"]
[TimeControl "180+0"]
[Date "1999.08.07"]
[Time "19:46:00"]
[WhiteClock "0:03:00.000"]
[BlackClock "0:03:00.000"]
[ECO "C50"]
[PlyCount "97"]
[Result "1-0"]

1. e4 e5 2. Nf3 Nc6 3. Bc4 d6 4. d4 exd4 5. Nxd4 Nxd4 6. Qxd4 Qf6 7. Qc3 Qxc3+ 8. Nxc3 Nf6 9. Bg5 Be7 10. Bxf6 Bxf6 11. Nd5 Bd8 12. O-O-O c6 13. Nf4 Bc7 14. Rhe1 O-O 15. Bb3 Bd8 16. Nd3 Be7 17. f4 Be6 18. h3 Bxb3 19. axb3 f5 20. e5 Bh4 21. Re2 dxe5 22. Nxe5 Rfe8 23. Red2 g5 24. Rd7 Bg3 25. Nf7 Bxf4+ 26. Kb1 Rf8 27. Nh6+ Kh8 28. Rxb7 Rfb8 29. Rdd7 Rxb7 30. Rxb7 g4 31. Nf7+ Kg8 32. Rd7 gxh3 33. gxh3 Be3 34. Nd6 f4 35. Ne4 Re8 36. Nc3 f3 37. Rd3 f2 38. Rd1 Rf8 39. Rf1 Bd2 40. Ne4 Be1 41. c3 Kg7 42. Kc2 Kg6 43. Kd3 Kh5 44. Ke3 Kh4 45. Nxf2 Bxf2+ 46. Ke2 Kxh3 47. Rh1+ Kg2 48. Rxh7 Re8+ 49. Kd3 {Black forfeits on time} 1-0

[Event "FICS rated blitz game"]
[Site "FICS freechess.org"]
[FICSGamesDBGameNo "20001240"]
[White "jonsh"]
[Black "Snorros"]
[WhiteElo "1222"]
[BlackElo "939"]
[WhiteRD "na"]
[BlackRD "na"]
[TimeControl "600+0"]
[Date "1999.08.07"]
[Time "19:41:00"]
[WhiteClock "0:10:00.000"]
[BlackClock "0:10:00.000"]
[ECO "D00"]
[PlyCount "37"]
[Result "1-0"]

1. d4 d5 2. Bg5 h6 3. Bh4 Nc6 4. Nf3 Bg4 5. e3 Qd7 6. Nc3 O-O-O 7. Be2 g5 8. Bg3 Nf6 9. Ne5 Bxe2 10. Nxd7 Bxd1 11. Nxf6 Bxc2 12. Ng4 f5 13. Ne5 Nxe5 14. Bxe5 Rg8 15. Nb5 a6 16. Nxc7 Be4 17. Rc1 Kd7 18. O-O Bg7 19. Nxd5 {Black forfeits on time} 1-0

[Event "FICS rated blitz game"]
[Site "FICS freechess.org"]
[FICSGamesDBGameNo "20001239"]
[White "Plamen"]
[Black "tih"]
[WhiteElo "1539"]
[BlackElo "1629"]
[WhiteRD "na"]
[BlackRD "na"]
[TimeControl "240+0"]
[Date "1999.08.07"]
[Time "16:16:00"]
[WhiteClock "0:04:00.000"]
[BlackClock "0:04:00.000"]
[ECO "C42"]
[PlyCount "63"]
[Result "1-0"]

1. e4 e5 2. Nf3 Nf6 3. Nxe5 d6 4. Nf3 Nxe4 5. d4 d5 6. c4 c6 7. Bd3 Bf5 8. O-O Be7 9. Nc3 Nxc3 10. bxc3 Bxd3 11. Qxd3 O-O 12. Re1 dxc4 13. Qxc4 Re8 14. Bf4 Nd7 15. Rab1 Nb6 16. Qd3 Qd5 17. Ne5 f6 18. Nf3 Qxa2 19. Nh4 g5 20. Nf5 Nd5 21. Bg3 Bf8 22. h4 h6 23. hxg5 hxg5 24. Rxe8 Rxe8 25. Rxb7 a5 26. c4 Qa1+ 27. Kh2 Nb4 28. Qf3 a4 29. Qh5 Re7 30. Nxe7+ Bxe7 31. Rxe7 Nd5 32. Qe8# {Black checkmated} 1-0

[Event "FICS rated blitz game"]
[Site "FICS freechess.org"]
[FICSGamesDBGameNo "20001238"]
[White "Ziggi"]
[Black "vass"]
[WhiteElo "1648"]
[BlackElo "1632"]
[WhiteRD "na"]
[BlackRD "na"]
[TimeControl "120+10"]
[Date "1999.08.07"]
[Time "15:12:00"]
[WhiteClock "0:02:00.000"]
[BlackClock "0:02:00.000"]
[ECO "B53"]
[PlyCount "87"]
[Result "1-0"]

1. e4 c5 2. Nf3 d6 3. d4 cxd4 4. c3 dxc3 5. Nxc3 Nf6 6. Bc4 g6 7. e5 dxe5 8. Qxd8+ Kxd8 9. Nxe5 Ke8 10. Bxf7+ Kd8 11. Bb3 e6 12. Nf7+ Ke7 13. Nxh8 Bg7 14. Nb5 Na6 15. Bf4 Bxh8 16. Rc1 Bd7 17. Bd6+ Kf7 18. Nc7 Rc8 19. O-O Nxc7 20. Rxc7 Rxc7 21. Bxc7 Bc6 22. Re1 Nd5 23. Bxd5 Bxd5 24. b3 Bd4 25. Be5 Bc5 26. Rc1 b6 27. b4 Bxb4 28. Rc7+ Kf8 29. Rxa7 Ba5 30. Rxh7 Bxa2 31. Bd4 Bb1 32. Rb7 Be4 33. Rb8+ Ke7 34. Bxb6 Bxb6 35. Rxb6 Kf6 36. f3 Bf5 37. f4 g5 38. fxg5+ Kxg5 39. Kf2 Kh4 40. Rb8 Kh5 41. h3 Kg5 42. g4 Be4 43. Kg3 Bd5 44. h4+ {Black resigns} 1-0

[Event "FICS rated blitz game"]
[Site "FICS freechess.org"]
[FICSGamesDBGameNo "20001237"]
[White "Grau"]
[Black "FishRRR"]
[WhiteElo "1430"]
[BlackElo "1375"]
[WhiteRD "na"]
[BlackRD "na"]
[TimeControl "300+0"]
[Date "1999.08.07"]
[Time "13:07:00"]
[WhiteClock "0:05:00.000"]
[BlackClock "0:05:00.000"]
[ECO "E76"]
[PlyCount "61"]
[Result "1-0"]

1. c4 g6 2. d4 Bg7 3. e4 d6 4. f4 Nf6 5. Nc3 O-O 6. Nf3 c5 7. d5 Bg4 8. Bd3 Bxf3 9. gxf3 e6 10. Bd2 a6 11. Qc2 Nbd7 12. h4 Nh5 13. O-O-O Rb8 14. f5 Ne5 15. Bg5 f6 16. Be3 Nxf3 17. fxg6 h6 18. Be2 Ng3 19. Bxf3 Nxh1 20. Rxh1 e5 21. Qd2 b5 22. cxb5 axb5 23. Bxh6 Qa5 24. Bg4 b4 25. Be6+ Kh8 26. Nb1 Qxa2 27. Bxg7+ Kxg7 28. h5 Rh8 29. h6+ Kxg6 30. Qg2+ Kh7 31. Qg7# {Black checkmated} 1-0

[Event "FICS rated standard game"]
[Site "FICS freechess.org"]
[FICSGamesDBGameNo "20001236"]
[White "Oren"]
[Black "ivon"]
[WhiteElo "1958"]
[BlackElo "1732"]
[WhiteRD "na"]
[BlackRD "na"]
[TimeControl "900+0"]
[Date "1999.08.07"]
[Time "12:41:00"]
[WhiteClock "0:15:00.000"]
[BlackClock "0:15:00.000"]
[ECO "C40"]
[PlyCount "117"]
[Result "1-0"]

1. e4 e5 2. Nf3 f5 3. Nxe5 Qf6 4. d4 fxe4 5. Nc3 Bb4 6. Bd2 Bxc3 7. Bxc3 d6 8. Nc4 Qg6 9. Ne3 Be6 10. d5 Bd7 11. Be2 Nf6 12. Qd2 O-O 13. O-O-O Ng4 14. Nxg4 Bxg4 15. Bxg4 Qxg4 16. h3 Qf5 17. Qd4 Qg5+ 18. Kb1 Nd7 19. h4 Qf6 20. Qxe4 Qxf2 21. Qg4 Ne5 22. Bxe5 dxe5 23. Qe6+ Kh8 24. Qxe5 Rae8 25. Qd4 Qf5 26. d6 cxd6 27. Qxd6 Rc8 28. Rc1 Rfd8 29. Qb4 a5 30. Qb3 b5 31. Rhf1 Qh5 32. Rf4 Qe5 33. Qf3 a4 34. Rf5 Qb8 35. h5 Qb6 36. Rf7 Qe6 37. Qf5 Qe3 38. a3 b4 39. axb4 a3 40. Qf3 Qe6 41. Ra7 axb2 42. Kxb2 Rb8 43. Qb3 Qe5+ 44. c3 Qe2+ 45. Rc2 Qxh5 46. Qf7 Qe5 47. Rb7 Rxb7 48. Qxb7 Rb8 49. Rd2 h6 50. Rd7 Rxb7 51. Rxb7 Qe2+ 52. Kb3 Qxg2 53. Rb8+ Kh7 54. Rb5 h5 55. Rxh5+ Kg6 56. Rc5 Kf6 57. Ka4 g5 58. Kb5 g4 59. Rc6+ {Black forfeits on time} 1-0

[Event "FICS rated blitz game"]
[Site "FICS freechess.org"]
[FICSGamesDBGameNo "20001235"]
[White "dorsch"]
[Black "vaporlock"]
[WhiteElo "1565"]
[BlackElo "1652"]
[WhiteRD "na"]
[BlackRD "na"]
[TimeControl "300+0"]
[Date "1999.08.07"]
[Time "11:56:00"]
[WhiteClock "0:05:00.000"]
[BlackClock "0:05:00.000"]
[ECO "B16"]
[PlyCount "74"]
[Result "0-1"]

1. e4 c6 2. d4 d5 3. Nc3 dxe4 4. Nxe4 Nf6 5. Nxf6+ gxf6 6. Nf3 Bg4 7. Be3 e6 8. Be2 Nd7 9. Qd2 Be7 10. O-O-O Nb6 11. h3 Bh5 12. Kb1 Nd5 13. g4 Bg6 14. h4 h5 15. gxh5 Bxh5 16. c4 Nxe3 17. Qxe3 Qb6 18. c5 Qc7 19. Nd2 Bg6+ 20. Ka1 O-O-O 21. Nc4 Rd7 22. Qa3 Kb8 23. h5 Bh7 24. h6 Qf4 25. Nb6 Rxd4 26. Rxd4 Qxd4 27. Rd1 Qf4 28. Nd7+ Kc8 29. Qxa7 Bd6 30. Nb6+ Kc7 31. cxd6+ Qxd6 32. Rxd6 Kxd6 33. Qxb7 Be4 34. Nc8+ Ke5 35. Ne7 Rxh6 36. Nxc6+ Kf4 37. Qb4 Rh1+ {White resigns} 0-1

[Event "FICS rated blitz game"]
[Site "FICS freechess.org"]
[FICSGamesDBGameNo "20001234"]
[White "FIERA"]
[Black "Juliuus"]
[WhiteElo "1598"]
[BlackElo "1338"]
[WhiteRD "na"]
[BlackRD "na"]
[TimeControl "180+10"]
[Date "1999.08.07"]
[Time "09:29:00"]
[WhiteClock "0:03:00.000"]
[BlackClock "0:03:00.000"]
[ECO "B22"]
[PlyCount "39"]
[Result "1-0"]

1. e4 c5 2. c3 e6 3. d4 cxd4 4. cxd4 Nf6 5. e5 Nd5 6. Nf3 a6 7. a3 b5 8. Bd3 Bb7 9. O-O Nc6 10. Nbd2 Rc8 11. Ne4 Be7 12. Re1 O-O 13. Bb1 Qc7 14. Nfg5 Qb6 15. Nd6 Bxd6 16. Bg6 Be7 17. Bxh7+ Kh8 18. Qh5 Bxg5 19. Bxg5 f5 20. Bg6+ {Black resigns} 1-0

[Event "FICS rated lightning game"]
[Site "FICS freechess.org"]
[FICSGamesDBGameNo "20001233"]
[White "seirios"]
[Black "UncleBanana"]
[WhiteElo "1856"]
[BlackElo "1994"]
[WhiteRD "na"]
[BlackRD "na"]
[TimeControl "60+0"]
[Date "1999.08.07"]
[Time "09:25:00"]
[WhiteClock "0:01:00.000"]
[BlackClock "0:01:00.000"]
[ECO "B01"]
[PlyCount "96"]
[Result "0-1"]

1. e4 d5 2. exd5 Qxd5 3. Nc3 Qd6 4. d4 a6 5. Nf3 Nc6 6. Be2 Bg4 7. Be3 O-O-O 8. Qd2 Nf6 9. O-O-O g6 10. Ne5 Nxe5 11. dxe5 Qxd2+ 12. Rxd2 Bxe2 13. Nxe2 Rxd2 14. Bxd2 Ng4 15. f4 Nf2 16. Rf1 Ne4 17. Nc3 Nxd2 18. Kxd2 Bh6 19. g3 Rd8+ 20. Ke2 c6 21. Ne4 Kc7 22. Ke3 b6 23. g4 c5 24. g5 Bg7 25. Nc3 Kc6 26. Rf2 b5 27. a3 Rd7 28. Rd2 Rxd2 29. Kxd2 c4 30. Ke3 Kc5 31. Ne4+ Kd5 32. h4 h6 33. b3 cxb3 34. cxb3 hxg5 35. hxg5 Bxe5 36. fxe5 Ke6 37. Nc5+ Kf5 38. Nxa6 b4 39. a4 Kxe5 40. Nc5 Kf5 41. a5 Kxg5 42. a6 f6 43. a7 f5 44. a8=Q f4+ 45. Kf3 Kf5 46. Qb8 Kg5 47. Qxb4 e6 48. Qxf4+ Kh5 {White forfeits on time} 0-1

[Event "FICS rated blitz game"]
[Site "FICS freechess.org"]
[FICSGamesDBGameNo "20001232"]
[White "SoleSurvivor"]
[Black "Pastorius"]
[WhiteElo "1228"]
[BlackElo "1111"]
[WhiteRD "na"]
[BlackRD "na"]
[TimeControl "180+12"]
[Date "1999.08.07"]
[Time "09:06:00"]
[WhiteClock "0:03:00.000"]
[BlackClock "0:03:00.000"]
[ECO "B40"]
[PlyCount "118"]
[Result "0-1"]

1. e4 c5 2. g3 e6 3. Nf3 a6 4. Bg2 b5 5. O-O Bb7 6. d4 cxd4 7. Qxd4 Nc6 8. Qd3 Qc7 9. Nc3 Nf6 10. a3 Be7 11. Be3 Ng4 12. Qd2 Nxe3 13. Qxe3 Rd8 14. Nd5 exd5 15. exd5 Nb8 16. Ng5 O-O 17. d6 Bxd6 18. Bxb7 Qxb7 19. Ne4 Qc7 20. b4 Nc6 21. Nxd6 Qxd6 22. Qb6 Ra8 23. Rfd1 Qb8 24. Qxb8 Nxb8 25. Rac1 Ra7 26. c4 Rc8 27. c5 Nc6 28. Rd2 Re8 29. Kf1 f6 30. Re1 Rxe1+ 31. Kxe1 Kf7 32. h4 Ne5 33. Ke2 Ra8 34. f3 Re8 35. Kf2 Re7 36. g4 Nc4 37. Ra2 h6 38. a4 bxa4 39. Rxa4 Re6 40. b5 axb5 41. Rb4 d6 42. Rxb5 dxc5 43. Rxc5 Nd2 44. Rd5 Nb3 45. Rd7+ Kg8 46. Rd8+ Kh7 47. h5 Nc1 48. Rd2 g5 49. Rc2 Nd3+ 50. Kg3 Nf4 51. Rc7+ Kg8 52. Rc8+ Kf7 53. Rc7+ Ke8 54. Rc8+ Kf7 55. Rh8 Kg7 56. Rd8 Re1 57. Rd7+ Kg8 58. Kf2 Re2+ 59. Kg3 Rg2# {White checkmated} 0-1

[Event "FICS rated blitz game"]
[Site "FICS freechess.org"]
[FICSGamesDBGameNo "20001231"]
[White "Vartan"]
[Black "MedioRussian"]
[WhiteElo "1796"]
[BlackElo "1694"]
[WhiteRD "na"]
[BlackRD "na"]
[TimeControl "300+0"]
[Date "1999.08.07"]
[Time "03:50:00"]
[WhiteClock "0:05:00.000"]
[BlackClock "0:05:00.000"]
[ECO "B78"]
[PlyCount "40"]
[Result "0-1"]

1. Nf3 c5 2. e4 d6 3. d4 cxd4 4. Nxd4 Nf6 5. Nc3 g6 6. Be3 Bg7 7. Bc4 O-O 8. f3 Nc6 9. Qd2 Bd7 10. O-O-O Qa5 11. Nde2 Rfc8 12. Bb3 Ne5 13. h4 Nc4 14. Bxc4 Rxc4 15. Kb1 Rac8 16. g4 Be6 17. g5 Nh5 18. Rc1 Bxc3 19. Nxc3 Rxc3 20. bxc3 Qxa2# {White checkmated} 0-1

[Event "FICS rated blitz game"]
[Site "FICS freechess.org"]
[FICSGamesDBGameNo "20001229"]
[White "Stacey"]
[Black "djokotr"]
[WhiteElo "1459"]
[BlackElo "1498"]
[WhiteRD "na"]
[BlackRD "na"]
[TimeControl "120+12"]
[Date "1999.08.07"]
[Time "01:48:00"]
[WhiteClock "0:02:00.000"]
[BlackClock "0:02:00.000"]
[ECO "A40"]
[PlyCount "30"]
[Result "0-1"]

1. d4 e6 2. e3 b6 3. Bd3 Bb7 4. Nf3 d6 5. Nbd2 Nd7 6. c3 a6 7. O-O g5 8. h3 h5 9. Re1 g4 10. hxg4 hxg4 11. Nh2 Qh4 12. Ndf1 g3 13. fxg3 Qxg3 14. Qf3 Qxe1 15. Qe4 Bxe4 {White resigns} 0-1

[Event "FICS rated blitz game"]
[Site "FICS freechess.org"]
[FICSGamesDBGameNo "20001228"]
[White "PennyD"]
[Black "Chessanova"]
[WhiteElo "1555"]
[BlackElo "1676"]
[WhiteRD "na"]
[BlackRD "na"]
[TimeControl "180+12"]
[Date "1999.08.06"]
[Time "20:24:00"]
[WhiteClock "0:03:00.000"]
[BlackClock "0:03:00.000"]
[ECO "B01"]
[PlyCount "167"]
[Result "1-0"]

1. e4 d5 2. e5 Bf5 3. Nf3 e6 4. d4 c5 5. Be2 Nc6 6. c3 cxd4 7. cxd4 Bb4+ 8. Bd2 Qb6 9. Qa4 Bxd2+ 10. Nbxd2 Qxb2 11. O-O Qb4 12. Qxb4 Nxb4 13. Bb5+ Nc6 14. Rfc1 Ne7 15. a4 O-O 16. Ra3 a6 17. Bxc6 Nxc6 18. Rb3 Na5 19. Rb6 Rab8 20. Nb3 Nc4 21. Rb4 Rfc8 22. Nc5 Na5 23. Rd1 h6 24. Nh4 Bc2 25. Rd2 Bh7 26. g3 Rc6 27. h3 Nc4 28. Re2 b5 29. Nf3 Rbb6 30. Nd7 Rb7 31. axb5 Rxb5 32. Rxb5 axb5 33. Ra2 Be4 34. Ne1 g5 35. Nf6+ Kg7 36. Ra8 Bh7 37. Nd3 Nd2 38. Rb8 Rc3 39. Nc5 Nf3+ 40. Kf1 Rc1+ 41. Kg2 Ne1+ 42. Kf1 Nd3+ 43. Ke2 Nxc5 44. dxc5 Rxc5 45. Ne8+ Kg6 46. Nd6 Rc2+ 47. Ke3 Rc3+ 48. Kd2 Rf3 49. Ke2 Rb3 50. Rb7 Bg8 51. Rb8 Kg7 52. Ne8+ Kg6 53. Nf6 Bh7 54. Rh8 Rb2+ 55. Ke3 Rb3+ 56. Kd4 Rb4+ 57. Kc5 Rc4+ 58. Kxb5 Kf5 59. Rxh7 Kxe5 60. Rxf7 Rc2 61. Ng4+ Kd6 62. Nxh6 d4 63. Rf3 Rc3 64. Rf8 Ke7 65. Ra8 d3 66. Ra1 e5 67. Kb4 Rc2 68. Ng4 Kd6 69. Rd1 e4 70. h4 gxh4 71. gxh4 Ke6 72. Kb3 Kf7 73. h5 Rc5 74. Re1 d2 75. Rd1 Rd5 76. Kc4 Rd8 77. Kc3 Rh8 78. Kxd2 Rxh5 79. Ke3 Rh4 80. Rg1 Kg6 81. Kxe4 Kh5 82. Kf5 Rh3 83. Nf6+ Kh4 84. Rg4# {Black checkmated} 1-0

[Event "FICS rated standard game"]
[Site "FICS freechess.org"]
[FICSGamesDBGameNo "20001227"]
[White "ere"]
[Black "CrossWind"]
[WhiteElo "1720"]
[BlackElo "1514"]
[WhiteRD "na"]
[BlackRD "na"]
[TimeControl "1800+0"]
[Date "1999.08.06"]
[Time "18:09:00"]
[WhiteClock "0:30:00.000"]
[BlackClock "0:30:00.000"]
[ECO "D00"]
[PlyCount "79"]
[Result "1-0"]

1. d4 d5 2. Bf4 Nc6 3. Nc3 Nf6 4. Nb5 e5 5. dxe5 Nh5 6. Qd2 Nxf4 7. Qxf4 Be6 8. O-O-O a6 9. Nc3 g5 10. Qe3 Bg7 11. Nf3 g4 12. Ng5 Bh6 13. h4 gxh3 14. f4 Bxg5 15. fxg5 hxg2 16. Bxg2 Qe7 17. Bxd5 O-O-O 18. Bxc6 Rxd1+ 19. Rxd1 bxc6 20. Qa7 Qxg5+ 21. Kb1 Bd5 22. Qa8+ Kd7 23. Qxh8 Ke6 24. Qf6+ Qxf6 25. exf6 Kxf6 26. Nxd5+ cxd5 27. Rxd5 Kg6 28. Rd7 f5 29. Rxc7 h5 30. Kc1 h4 31. Kd1 Kg5 32. Ke1 h3 33. Kf1 Kg4 34. Kg1 f4 35. Rg7+ Kh4 36. Kh2 a5 37. Rh7+ Kg4 38. Rxh3 a4 39. b3 axb3 40. cxb3 {Black resigns} 1-0

[Event "FICS rated lightning game"]
[Site "FICS freechess.org"]
[FICSGamesDBGameNo "20001226"]
[White "AMC"]
[Black "ojs"]
[WhiteElo "1945"]
[BlackElo "1505"]
[WhiteRD "na"]
[BlackRD "na"]
[TimeControl "120+0"]
[Date "1999.08.06"]
[Time "17:44:00"]
[WhiteClock "0:02:00.000"]
[BlackClock "0:02:00.000"]
[ECO "B21"]
[PlyCount "113"]
[Result "1-0"]

1. e4 c5 2. d4 cxd4 3. Qxd4 Nc6 4. Qd1 d6 5. Nf3 Bg4 6. Be2 e6 7. h3 Bh5 8. Bf4 Be7 9. Nc3 a6 10. a3 Nf6 11. O-O O-O 12. Qd2 Qc7 13. Rad1 e5 14. Bh2 Rfd8 15. Qc1 Bxf3 16. Bxf3 Nd4 17. Be2 Nxe2+ 18. Nxe2 d5 19. exd5 Rxd5 20. Rfe1 Rad8 21. Rxd5 Rxd5 22. Nc3 Rc5 23. Qe3 Bd6 24. Ne4 Nxe4 25. Qxe4 f6 26. c3 Rc4 27. Qd5+ Kf8 28. Rd1 Be7 29. Bg3 Qc6 30. f3 Qxd5 31. Rxd5 Rc7 32. Bf2 Ke8 33. Be3 Rd7 34. Rxd7 Kxd7 35. Kf2 Kc6 36. Ke2 Bc5 37. Kd3 Bxe3 38. Kxe3 Kd5 39. Kd3 b5 40. b3 f5 41. c4+ bxc4+ 42. bxc4+ Kc5 43. Kc3 e4 44. fxe4 fxe4 45. g4 g5 46. a4 a5 47. Kb3 Kd4 48. c5 Kxc5 49. Kc3 Kd5 50. Kd2 Kd4 51. Ke2 e3 52. Kf1 Kd3 53. Ke1 e2 54. h4 gxh4 55. g5 h3 56. g6 h2 57. Kf2 {Black forfeits on time} 1-0

[Event "FICS rated blitz game"]
[Site "FICS freechess.org"]
[FICSGamesDBGameNo "20001225"]
[White "ejf"]
[Black "LittleFox"]
[WhiteElo "1493"]
[BlackElo "1606"]
[WhiteRD "na"]
[BlackRD "na"]
[TimeControl "180+1"]
[Date "1999.08.06"]
[Time "14:48:00"]
[WhiteClock "0:03:00.000"]
[BlackClock "0:03:00.000"]
[ECO "D20"]
[PlyCount "42"]
[Result "0-1"]

1. e4 e6 2. d4 d5 3. exd5 exd5 4. c4 dxc4 5. Bxc4 c5 6. d5 Bd6 7. Nc3 a6 8. a4 Nf6 9. Bg5 O-O 10. Nge2 Re8 11. O-O Nbd7 12. Re1 Ne5 13. Bb3 Bg4 14. Ne4 h6 15. Bxf6 gxf6 16. f3 Bxf3 17. gxf3 Nxf3+ 18. Kg2 Nxe1+ 19. Qxe1 Rxe4 20. Bc2 Re5 21. Qg3+ Rg5 {White resigns} 0-1

[Event "FICS rated blitz game"]
[Site "FICS freechess.org"]
[FICSGamesDBGameNo "20001224"]
[White "HAAG"]
[Black "greko"]
[WhiteElo "1798"]
[BlackElo "1760"]
[WhiteRD "na"]
[BlackRD "na"]
[TimeControl "180+0"]
[Date "1999.08.06"]
[Time "13:10:00"]
[WhiteClock "0:03:00.000"]
[BlackClock "0:03:00.000"]
[ECO "D43"]
[PlyCount "110"]
[Result "0-1"]

1. d4 Nf6 2. Bg5 e6 3. c4 Be7 4. Nc3 d5 5. e3 c6 6. Nf3 Nbd7 7. Be2 O-O 8. O-O Re8 9. Rc1 Nf8 10. cxd5 cxd5 11. Ne5 a6 12. Na4 Ng6 13. Nxg6 hxg6 14. Nc5 Ne4 15. Bxe7 Rxe7 16. Nxe4 dxe4 17. Qc2 Bd7 18. Qxe4 Bc6 19. Qf4 Qc7 20. Qxc7 Rxc7 21. Bf3 Rac8 22. Bxc6 Rxc6 23. Rxc6 Rxc6 24. Rb1 Rc2 25. Kf1 Kf8 26. Ke1 Ke7 27. g3 Kd6 28. a3 Kd5 29. Kf1 Ke4 30. Kg2 b5 31. b4 Rc3 32. Ra1 Rb3 33. Rc1 Rxa3 34. Rc7 Rb3 35. Rc6 Rxb4 36. Rxa6 Ra4 37. Rb6 b4 38. Rb7 f5 39. Rxg7 b3 40. Rb7 Ra3 41. h4 Kd3 42. Kf3 Kc2 43. Kf4 b2 44. Ke5 Rb3 45. Rc7+ Kb1 46. Kxe6 Ka2 47. Ra7+ Ra3 48. Rb7 b1=Q 49. Rxb1 Kxb1 50. d5 Ra6+ 51. d6 Kc2 52. Ke7 Kd3 53. d7 Ra7 54. Ke8 Ra8+ 55. d8=Q+ Rxd8+ {White forfeits on time} 0-1

[Event "FICS rated blitz game"]
[Site "FICS freechess.org"]
[FICSGamesDBGameNo "20001223"]
[White "FerranGM"]
[Black "SherlockHolmes"]
[WhiteElo "1640"]
[BlackElo "1661"]
[WhiteRD "na"]
[BlackRD "na"]
[TimeControl "180+2"]
[Date "1999.08.06"]
[Time "10:40:00"]
[WhiteClock "0:03:00.000"]
[BlackClock "0:03:00.000"]
[ECO "A47"]
[PlyCount "49"]
[Result "1-0"]

1. d4 Nf6 2. Nf3 b6 3. Nc3 Bb7 4. d5 c6 5. e4 cxd5 6. exd5 d6 7. Bd3 Nbd7 8. O-O Nxd5 9. Nxd5 Bxd5 10. Ba6 Bc6 11. Nd4 Qc7 12. Qe2 Nc5 13. Bb5 Bxb5 14. Qxb5+ Qd7 15. Qe2 g6 16. b4 Bg7 17. Bb2 Na4 18. c3 Nxb2 19. Qxb2 O-O 20. f4 Rac8 21. Qd2 Rc4 22. f5 Rfc8 23. fxg6 hxg6 24. Rac1 Qg4 25. h3 {Black forfeits on time} 1-0

[Event "FICS rated blitz game"]
[Site "FICS freechess.org"]
[FICSGamesDBGameNo "20001222"]
[White "Tsjatoer"]
[Black "GilaMonster"]
[WhiteElo "1223"]
[BlackElo "1219"]
[WhiteRD "na"]
[BlackRD "na"]
[TimeControl "300+12"]
[Date "1999.08.06"]
[Time "10:09:00"]
[WhiteClock "0:05:00.000"]
[BlackClock "0:05:00.000"]
[ECO "C11"]
[PlyCount "71"]
[Result "1-0"]

1. d4 Nf6 2. Nc3 d5 3. e4 e6 4. e5 Nfd7 5. f4 Bb4 6. Bd2 Nc6 7. a3 Bxc3 8. Bxc3 Ne7 9. Nf3 Ng6 10. Bd2 c5 11. c3 cxd4 12. Nxd4 O-O 13. Bd3 Nh4 14. Qg4 g6 15. g3 Nf5 16. Nxf5 exf5 17. Bxf5 Nc5 18. Bxc8 Rxc8 19. O-O Qb6 20. Be3 Qxb2 21. Rab1 Qxc3 22. Bxc5 Qxc5+ 23. Kg2 Qc2+ 24. Kh3 b6 25. f5 Qxf5 26. Rxf5 Rc4 27. Rf4 Rxf4 28. gxf4 d4 29. f5 Rc8 30. f6 Rc3+ 31. Kh4 d3 32. Qg5 Rc2 33. Rd1 Rxh2+ 34. Kg3 Rh5 35. Qc1 Rxe5 36. Qc8+ {Black resigns} 1-0

[Event "FICS rated blitz game"]
[Site "FICS freechess.org"]
[FICSGamesDBGameNo "20001221"]
[White "Woadwaxen"]
[Black "TheCoF"]
[WhiteElo "1088"]
[BlackElo "990"]
[WhiteRD "na"]
[BlackRD "na"]
[TimeControl "120+12"]
[Date "1999.08.06"]
[Time "07:50:00"]
[WhiteClock "0:02:00.000"]
[BlackClock "0:02:00.000"]
[ECO "D00"]
[PlyCount "66"]
[Result "0-1"]

1. d4 d5 2. e3 Nc6 3. Bd3 e6 4. Nd2 Nf6 5. f4 Bd6 6. Ngf3 O-O 7. Ne5 Bxe5 8. fxe5 Ne4 9. Nxe4 dxe4 10. Bxe4 Qg5 11. O-O Ne7 12. Rf3 Bd7 13. Rh3 h6 14. Qf3 Bc6 15. Rg3 Bxe4 16. Qxe4 Qf5 17. Qxb7 Qxc2 18. Qf3 Nf5 19. Rg4 Rac8 20. Qf2 Qxf2+ 21. Kxf2 c5 22. e4 Nxd4 23. Be3 Nc2 24. Rd1 Nxe3 25. Kxe3 a5 26. g3 a4 27. Rf4 c4 28. Rc1 Rfd8 29. Ke2 a3 30. bxa3 c3 31. Rf3 Rd2+ 32. Kf1 c2 33. Ke1 Rcd8 {White resigns} 0-1